[gd_scene load_steps=9 format=2]

[ext_resource path="res://assets/img/GUI/Table_01.png" type="Texture" id=1]
[ext_resource path="res://level/GUI/LoseGUI.gd" type="Script" id=2]
[ext_resource path="res://assets/font/StrenuousBL52.tres" type="DynamicFont" id=3]
[ext_resource path="res://assets/font/StrenuousBL16.tres" type="DynamicFont" id=4]
[ext_resource path="res://assets/font/StrenuousBL28.tres" type="DynamicFont" id=5]
[ext_resource path="res://level/GUI/Stats.tscn" type="PackedScene" id=6]
[ext_resource path="res://level/GUI/HomeButton.gd" type="Script" id=7]
[ext_resource path="res://assets/img/GUI/button_.png" type="Texture" id=8]

[node name="LoseGUI" type="CanvasLayer"]
pause_mode = 2
script = ExtResource( 2 )

[node name="Rect" type="NinePatchRect" parent="."]
visible = false
anchor_left = 0.5
anchor_top = 0.5
anchor_right = 0.5
anchor_bottom = 0.5
margin_left = -800.0
margin_top = -448.0
margin_right = 800.0
margin_bottom = 448.0
texture = ExtResource( 1 )
patch_margin_left = 28
patch_margin_top = 22
patch_margin_right = 28
patch_margin_bottom = 33
__meta__ = {
"_edit_use_anchors_": false
}

[node name="Label" type="Label" parent="Rect"]
anchor_left = 0.5
anchor_right = 0.5
margin_left = -616.0
margin_top = 100.0
margin_right = 610.0
margin_bottom = 163.0
custom_fonts/font = ExtResource( 3 )
text = "KEY_LOSE_GAME"
align = 1
valign = 1
__meta__ = {
"_edit_use_anchors_": false
}

[node name="Label2" type="Label" parent="Rect"]
margin_left = 416.0
margin_top = 196.0
margin_right = 1184.0
margin_bottom = 230.0
custom_fonts/font = ExtResource( 5 )
text = "KEY_LOSE_WAVE"
align = 1
valign = 1

[node name="Label5" type="Label" parent="Rect"]
visible = false
margin_left = 336.0
margin_top = 252.0
margin_right = 1264.0
margin_bottom = 286.0
custom_fonts/font = ExtResource( 5 )
custom_colors/font_color = Color( 1, 0, 0, 1 )
text = "KEY_LOSE_HALF_WAVES"
align = 1
valign = 1
autowrap = true
__meta__ = {
"_edit_use_anchors_": false
}

[node name="Label3" type="Label" parent="Rect"]
visible = false
margin_left = 416.0
margin_top = 308.0
margin_right = 1184.0
margin_bottom = 342.0
custom_fonts/font = ExtResource( 5 )
text = "KEY_UNLOCKED_HARD"
align = 1
valign = 1
autowrap = true

[node name="RetryButton" type="Button" parent="Rect"]
anchor_left = 0.5
anchor_top = 1.0
anchor_right = 0.5
anchor_bottom = 1.0
margin_left = -392.0
margin_top = -156.0
margin_right = -128.0
margin_bottom = -92.0
focus_mode = 0
mouse_default_cursor_shape = 2
custom_fonts/font = ExtResource( 4 )
icon = ExtResource( 8 )
flat = true
clip_text = true
expand_icon = true
script = ExtResource( 7 )
__meta__ = {
"_edit_use_anchors_": false
}

[node name="Label" type="Label" parent="Rect/RetryButton"]
anchor_right = 1.0
anchor_bottom = 1.0
custom_fonts/font = ExtResource( 4 )
text = "KEY_RETRY"
align = 1
valign = 1

[node name="SubmitButton" type="Button" parent="Rect"]
margin_left = 928.0
margin_top = 740.0
margin_right = 1192.0
margin_bottom = 804.0
custom_fonts/font = ExtResource( 4 )
icon = ExtResource( 8 )
flat = true
clip_text = true
expand_icon = true
script = ExtResource( 7 )
__meta__ = {
"_edit_use_anchors_": false
}

[node name="Label" type="Label" parent="Rect/SubmitButton"]
anchor_right = 1.0
anchor_bottom = 1.0
custom_fonts/font = ExtResource( 4 )
text = "KEY_EXIT"
align = 1
valign = 1

[node name="ScoreLabel" type="Label" parent="Rect"]
margin_left = 896.0
margin_top = 372.0
margin_right = 1216.0
margin_bottom = 406.0
custom_fonts/font = ExtResource( 5 )
text = "KEY_SCORE"
align = 1
valign = 1

[node name="PositionLabel" type="Label" parent="Rect"]
margin_left = 824.0
margin_top = 460.0
margin_right = 1288.0
margin_bottom = 494.0
custom_fonts/font = ExtResource( 5 )
text = "KEY_POSITION_IN_LEADERBOARD"
align = 1
valign = 1

[node name="Stats" parent="Rect" instance=ExtResource( 6 )]

[connection signal="pressed" from="Rect/RetryButton" to="." method="_on_RetryButton_pressed"]
[connection signal="pressed" from="Rect/SubmitButton" to="." method="_on_SubmitButton_pressed"]
